 Dungeon Crawl Stone Soup version 0.30-a0-165-g1891117ce2 (webtiles) character file.

Game seed: 6625306679948748408

116 qw the Chopper (level 5, -3/32 HPs)
             Began as a Gargoyle Fighter on Sept 28, 2022.
             Slain by an ogre
             ... wielding a +0 giant spiked club
              (17 damage)
             ... on level 3 of the Dungeon.
             The game lasted 00:00:54 (1903 turns).

qw the Chopper (Gargoyle Fighter)                   Turns: 1903, Time: 00:00:55

Health: -3/32      AC: 14    Str: 21    XL:     5   Next: 1%
Magic:  5/5        EV:  7    Int:  9    God:
Gold:   100        SH:  4    Dex:  9    Spells: 4/4 levels left

rFire   . . .      SeeInvis .    Y - +2 war axe
rCold   . . .      Faith    .    c - +0 buckler
rNeg    + . .      Spirit   .    k - +0 chain mail
rPois   inf        Reflect  .    n - +0 helmet
rElec   +          Harm     .    (no cloak)
rCorr   .          Rampage  .    (no gloves)
Will    .....                    (no boots)
Stlth   ..........               m - amulet of regeneration
HPRegen 0.90/turn                (no ring)
MPRegen 0.09/turn                (no ring)

@: attractive
A: sickness immunity, AC +4, negative energy resistance 1, electricity
resistance, torment resistance 1, petrification resistance
a: no special abilities


You were on level 3 of the Dungeon.
You visited 1 branch of the dungeon, and saw 3 of its levels.

You collected 100 gold pieces.


Innate Abilities, Weirdness & Mutations

You are immune to sickness and miasma.
Your stone body is resilient. (AC +4)
You are immune to poison.
You resist negative energy. (rN+)
You are resistant to electric shocks. (rElec)
You are resistant to unholy torment.
You are immune to petrification.


   Skills:
 - Level 3.2 Fighting
 + Level 4.5 Axes
 - Level 3.2 Armour
 - Level 3.2 Shields


You had 4 spell levels left.
You didn't know any spells.
Your spell library was empty.

Inventory:

Hand Weapons
 e - a +0 flail
 Y - a +2 war axe (weapon)
Armour
 c - a +0 buckler (worn)
 k - a +0 chain mail (worn)
 n - a +0 helmet (worn)
Jewellery
 m - an amulet of regeneration (around neck)
Scrolls
 o - a scroll of identify
Potions
 a - a potion of attraction
 d - a potion of might
 f - a potion of haste {unknown}
 g - 2 potions of lignification
 h - 2 potions of curing
 i - a potion of magic {unknown}
 j - a potion of cancellation {unknown}

Dungeon Overview and Level Annotations

Branches:
Dungeon (3/15)

Altars:


Message History

HP restored.
Done exploring.
1888 ||| UPGRADING to +0 helmet.
You start putting on your armour.
You continue putting on your +0 helmet. x4
You finish putting on your +0 helmet.
Done exploring.
1893 ||| UPGRADING to amulet of regeneration.
You start putting on your amulet.
You continue putting on your amulet of regeneration. x5
You finish putting on your amulet of regeneration.
The amulet throbs as it attunes itself to your uninjured body.
m - an amulet of regeneration (around neck) Done exploring.
1898 ||| READING scroll labelled VIM SORYSCH.
As you read the scroll labelled VIM SORYSCH, it crumbles to dust.
It is a scroll of enchant armour.
Really abort (and waste the scroll)?
Done exploring.
1899 ||| READING scroll labelled PUMIBU KENKIPN.
As you read the scroll labelled PUMIBU KENKIPN, it crumbles to dust.
Wisps of shadow whirl around you...
It was a scroll of summoning.
Done exploring.
1900 ||| DRINKING 2 yellow potions.
It was a potion of attraction.
You feel attractive to monsters.
Done exploring.
(D) Dungeon
Where to? (* - list waypoints, Enter - D:3, ? - help)
What level of the Dungeon? (default 1, ? - help)
You climb downwards.
Your summoned allies are left behind.
The ogre hits you with a +0 giant spiked club!!
Ouch! That really hurt!
The orc priest looks braver for a moment.
The orc closely misses you.
You hear a shout!
The orc priest is attracted toward you.
There is a stone staircase leading up here.
1903 ||| STAIRDANCE The ogre hits you with a +0 giant spiked club!
Ouch! That really hurt!
You die...

.. ######### ..
#........ .# #........ .
######## #........
#.#.#......# #........
#.#.#......# #........
#....o.....# #........
#.##@..o..###...<....
#..#O......o.........
#####.#.................
..............##........
.####........####.....##
....#...###### ###....#
#...#.## #.#... ##.....#
#...#. .....#...# ###...


You could see an ogre, an orc priest, an orc wizard and an orc.

Vanquished Creatures
  A gnoll (D:2)
  5 adders
  An ufetubus (D:3)
  2 worms (D:2)
  A dart slug (D:1)
  2 ball pythons
  4 bats
  6 endoplasms
  2 giant cockroaches (D:1)
  6 goblins
  4 hobgoblins
  3 jackals (D:1)
  4 kobolds
  A quokka (D:1)
  3 frilled lizards
  2 rats
47 creatures vanquished.

Notes
Turn   | Place    | Note
-------+----------+-------------------------------------------
     0 | D:1      | qw the Gargoyle Fighter began the quest for the Orb.
     0 | D:1      | Reached XP level 1. HP: 14/14 MP: 1/1
     0 | D:1      | 0 ||| qw: Version: 0.2-a-12-gaebbb33
     0 | D:1      | 0 ||| qw: Game counter: 791
     0 | D:1      | 0 ||| qw: Always use a shield: true
     0 | D:1      | 0 ||| qw: God list: Okawaru
     0 | D:1      | 0 ||| qw: Allow faded altars: false
     0 | D:1      | 0 ||| qw: Do Orc after D:15 true
     0 | D:1      | 0 ||| qw: Do second Lair branch before Depths: true
     0 | D:1      | 0 ||| qw: Lair rune preference: random
     0 | D:1      | 0 ||| qw: Plans: Normal, Zot:1-4, God:TSO, Crypt, Tomb,
                  | Pan, Slime:5, Hells, Abyss, Orb
     0 | D:1      | 0 ||| PLANNING D:1-11
   177 | D:1      | Reached skill level 2 in Axes
   249 | D:1      | Reached XP level 2. HP: 19/19 MP: 2/2
   401 | D:1      | 401 ||| DROPPING +0 club.
   458 | D:1      | Reached skill level 3 in Axes
   683 | D:1      | Reached XP level 3. HP: 23/23 MP: 3/3
   728 | D:1      | Found a faded altar of an unknown god.
   730 | D:1      | 730 ||| READING scroll labelled OPPATAG BIDEEDWU.
   731 | D:1      | 731 ||| READING scroll labelled NEVUIR CAOXACO.
   732 | D:1      | 732 ||| DRINKING 3 bubbling puce potions.
   808 | D:2      | 808 ||| Stepping ~*~*~tactically~*~*~ (stealth).
   987 | D:2      | 987 ||| Stepping ~*~*~tactically~*~*~ (hiding).
  1021 | D:2      | 1021 ||| READING scroll of enchant weapon.
  1021 | D:2      | 1021 ||| ENCHANTING +1 war axe.
  1114 | D:2      | 1114 ||| Stepping ~*~*~tactically~*~*~ (stealth).
  1115 | D:2      | 1115 ||| Stepping ~*~*~tactically~*~*~ (stealth).
  1119 | D:2      | Reached XP level 4. HP: 28/28 MP: 4/4
  1119 | D:2      | 1119 ||| DROPPING +1 mace of draining.
  1120 | D:2      | 1120 ||| Stepping ~*~*~tactically~*~*~ (stealth).
  1144 | D:2      | Reached skill level 4 in Axes
  1377 | D:2      | 1377 ||| UPGRADING to +0 chain mail.
  1387 | D:2      | 1387 ||| DROPPING +0 scale mail.
  1388 | D:2      | 1388 ||| READING scroll labelled PUIHIO RAEGH.
  1391 | D:2      | 1391 ||| READING scroll labelled WEFULU IPAZ.
  1392 | D:2      | 1392 ||| READING scroll labelled FIGHUO KALEEPH.
  1393 | D:2      | 1393 ||| READING scroll labelled TISHRO RYICUSU.
  1394 | D:2      | 1394 ||| DRINKING 3 smoky white potions.
  1507 | D:3      | 1507 ||| Stepping ~*~*~tactically~*~*~ (stealth).
  1510 | D:3      | 1510 ||| Stepping ~*~*~tactically~*~*~ (stealth).
  1511 | D:3      | 1511 ||| Stepping ~*~*~tactically~*~*~ (stealth).
  1512 | D:3      | 1512 ||| Stepping ~*~*~tactically~*~*~ (stealth).
  1513 | D:3      | 1513 ||| Stepping ~*~*~tactically~*~*~ (stealth).
  1671 | D:3      | Reached XP level 5. HP: 32/32 MP: 5/5
  1672 | D:3      | 1672 ||| Stepping ~*~*~tactically~*~*~ (stealth).
  1695 | D:3      | 1695 ||| Stepping ~*~*~tactically~*~*~ (stealth).
  1699 | D:3      | Noticed an ogre
  1708 | D:3      | 1708 ||| Stepping ~*~*~tactically~*~*~ (stealth).
  1709 | D:3      | 1709 ||| FLEEEEING.
  1710 | D:3      | 1710 ||| FLEEEEING.
  1711 | D:3      | 1711 ||| FLEEEEING.
  1712 | D:3      | 1712 ||| FLEEEEING.
  1713 | D:3      | 1713 ||| FLEEEEING.
  1714 | D:3      | 1714 ||| FLEEEEING.
  1715 | D:3      | 1715 ||| FLEEEEING.
  1716 | D:3      | 1716 ||| FLEEEEING.
  1717 | D:3      | 1717 ||| FLEEEEING.
  1718 | D:3      | 1718 ||| FLEEEEING.
  1719 | D:3      | 1719 ||| FLEEEEING.
  1720 | D:3      | 1720 ||| FLEEEEING.
  1721 | D:3      | 1721 ||| FLEEEEING.
  1722 | D:3      | 1722 ||| FLEEEEING.
  1723 | D:3      | 1723 ||| FLEEEEING.
  1724 | D:3      | 1724 ||| FLEEEEING.
  1725 | D:3      | 1725 ||| FLEEEEING.
  1726 | D:3      | 1726 ||| FLEEEEING.
  1727 | D:3      | 1727 ||| FLEEEEING.
  1728 | D:3      | 1728 ||| STAIRDANCE
  1888 | D:2      | 1888 ||| UPGRADING to +0 helmet.
  1893 | D:2      | 1893 ||| UPGRADING to amulet of regeneration.
  1898 | D:2      | 1898 ||| READING scroll labelled VIM SORYSCH.
  1899 | D:2      | 1899 ||| READING scroll labelled PUMIBU KENKIPN.
  1900 | D:2      | 1900 ||| DRINKING 2 yellow potions.
  1903 | D:3      | 1903 ||| STAIRDANCE
  1903 | D:3      | Slain by an ogre

Levels and vault maps discovered:
D:1:      kilobyte_arrival_exit_the_forest, layout_basic,
          hellmonk_ecumenical_altar_leap_of_faith, grunt_decor_one_mirror
D:2:      layout_basic, small_statue_intersection, minmay_circled_x
D:3:      layout_rooms, mainiacjoe_overflow_cross_hatched, uniq_ijyb

Skill      XL: |  1  2  3  4 |
---------------+-------------+-----
Axes           | 2 3 4 |  4.5
Fighting       | |  3.2
Armour         | |  3.2
Shields        | |  3.2

Action                   |  1- 3 |  4- 6 || total
-------------------------+-------+-------++-------
Melee: War axe           |    85 |    60 ||   145
  Use: Scroll            |     3 |     6 ||     9
       Potion            |     1 |     2 ||     3
Armor: Scale mail        |    43 |    19 ||    62
       Chain mail        |       |    24 ||    24
Dodge: Dodged            |    33 |    27 ||    60
Block: Buckler           |    16 |    12 ||    28

Table legend:
 A = Non-vault XP
 B = Vault XP
 C = Vault XP percentage of total XP
 D = Non-vault monster count
 E = Vault monster count
 F = Vault count percentage of total count
                 A         B        C        D         E       F
            +---------+---------+-------+---------+---------+-------
      Total |     148 |      19 |  11.4 |      43 |       4 |   8.5
            +---------+---------+-------+---------+---------+-------
        D:1 |      35 |       0 |   0.0 |      17 |       0 |   0.0
        D:2 |      70 |      19 |  21.3 |      17 |       4 |  19.0
        D:3 |      43 |       0 |   0.0 |       9 |       0 |   0.0
            +---------+---------+-------+---------+---------+-------
